 Dungeon Crawl Stone Soup version 0.28.0 (webtiles) character file.

Game seed: 1298154356683986007

1338 fragbeetle the Cleaver (level 8, -15/64 HPs)
             Began as a Hill Orc Fighter on Feb 10, 2022.
             Demolished by a two-headed ogre (21 damage)
             ... on level 5 of the Dungeon.
             The game lasted 00:05:13 (5269 turns).

fragbeetle the Cleaver (Hill Orc Fighter)           Turns: 5269, Time: 00:05:13

Health: -15/64     AC: 14    Str: 21    XL:     8   Next: 61%
Magic:  8/8        EV:  7    Int:  8    God:
Gold:   131        SH:  9    Dex: 10    Spells: 7/7 levels left

rFire   . . .      SeeInvis .   a - +0 war axe
rCold   + . .      Faith    .   c - +0 buckler
rNeg    . . .      Spirit   .   y - +1 chain mail {rC+}
rPois   .          Reflect  +   f - +0 helmet
rElec   .          Harm     .   x - +0 cloak
rCorr   .          Rampage  .   n - +0 pair of gloves
Will    .....                   A - +0 pair of boots
Stlth   ..........              z - amulet of reflection
HPRegen 0.20/turn               (no ring)
MPRegen 0.11/turn               (no ring)

@: mighty
A: no striking features
a: no special abilities


You were on level 5 of the Dungeon.
You visited 1 branch of the dungeon, and saw 5 of its levels.

You collected 311 gold pieces.
You spent 180 gold pieces at shops.

Inventory:

Hand Weapons
 a - a +0 war axe (weapon)
 r - a +0 hunting sling
Missiles
 l - 6 boomerangs (quivered)
 t - a poisoned dart
Armour
 c - a +0 buckler (worn)
 f - a +0 helmet (worn)
 n - a +0 pair of gloves (worn)
 o - a +0 plate armour
 x - a +0 cloak (worn)
 y - a +1 chain mail of cold resistance (worn)
 A - a +0 pair of boots (worn)
Jewellery
 z - an amulet of reflection (around neck)
Scrolls
 e - a scroll of fog {unknown}
 i - a scroll of acquirement {unknown}
 j - 2 scrolls of fear {unknown}
 k - 5 scrolls of immolation {unknown}
 m - 2 scrolls of magic mapping {unknown}
 q - 3 scrolls of teleportation {unknown}
 s - 2 scrolls of noise {unknown}
 u - 3 scrolls of identify {unknown}
Potions
 b - 2 potions of brilliance {unknown}
 d - a potion of might
 h - a potion of degeneration {unknown}
 p - a potion of resistance {unknown}
 v - a potion of curing {unknown}
 w - a potion of mutation {unknown}


   Skills:
 - Level 3.6 Fighting
 + Level 13.4 Axes
 - Level 3.2 Armour
 - Level 3.2 Shields


You had 7 spell levels left.
You didn't know any spells.
Your spell library was empty.

Dungeon Overview and Level Annotations

Branches:
Dungeon (5/15)
 Temple: D:4-7

Altars:
Dithmenos
Zin

Shops:
D:5 [

Annotations:
D:4 dig


Message History

You throw a throwing net.
The throwing net hits the two-headed ogre.
The two-headed ogre is caught in the net!
The two-headed ogre struggles against the net. x2
The two-headed ogre struggles against the net.
You hit the two-headed ogre but do no damage.
The two-headed ogre is lightly wounded.
The two-headed ogre struggles against the net.
You hit the two-headed ogre.
The two-headed ogre is lightly wounded.
The two-headed ogre struggles against the net.
The net rips apart, and the two-headed ogre comes free!
You hit the two-headed ogre.
The two-headed ogre is lightly wounded.
The two-headed ogre looks more healthy.
The two-headed ogre hits you with a +0 giant spiked club!!
You block the two-headed ogre's attack.
You hit the two-headed ogre.
The two-headed ogre is moderately wounded.
You barely miss the two-headed ogre.
The two-headed ogre is moderately wounded.
You block the two-headed ogre's attack.
The two-headed ogre hits you with a +0 giant club!
You hit the two-headed ogre.
The two-headed ogre is moderately wounded.
The two-headed ogre hits you with a +0 giant spiked club!!
* * * LOW HITPOINT WARNING * * *
The two-headed ogre hits you but does no damage.
You are too injured to fight recklessly!
You feel very mighty all of a sudden.
You slash the two-headed ogre!
The two-headed ogre is heavily wounded.
You block the two-headed ogre's attack.
The two-headed ogre hits you with a +0 giant club!
* * * LOW HITPOINT WARNING * * *
You hit the two-headed ogre.
The two-headed ogre is severely wounded.
The two-headed ogre closely misses you.
The two-headed ogre hits you with a +0 giant club!!
You die...

...#.#...#...####....### ##+#
...#.#...#........##...# #..
...#.#...#...########..# #..
...#.#...#...# +..#..# #..
...'.#...#...# #..#..# #..
...#.#...#...# #(.#..# #..
...#.#...#(..#####..#..# #..
...#.#...#...#...O..#..# #..
####.'...#...#..@...#..# #..
.....#...#...#..#####..#####. #.(
######...#...#......#..#..... #..
.........#...#.†....#..#..... #.#
##########...#####..#..#..### #..
.............#......#..#..... #.#
.............#......#..#..... #..
.###########.#..#####..#####..#..
.# #.#......#..#......#..


You could see a two-headed ogre.

Vanquished Creatures
  2 ice beasts
  A sky beast (D:5)
  4 necrophages
  An ogre (D:5)
  A phantom (D:4)
  2 scorpions (D:5)
  A water moccasin skeleton (D:4)
  A howler monkey (D:5)
  A hound (D:5)
  2 jellies
  A bullfrog skeleton (D:5)
  An orc priest (D:5)
  An iguana (D:5)
  A killer bee zombie (D:4)
  A hound skeleton (D:5)
  A howler monkey zombie (D:5)
  6 adders
  A shadow imp (D:5)
  A white imp (D:5)
  An adder skeleton (D:4)
  2 dart slugs
  10 orcs
  4 ball pythons
  6 endoplasms
  A giant cockroach (D:2)
  A goblin (D:1)
  2 hobgoblins
  6 jackals
  2 kobolds (D:1)
  A quokka (D:4)
  4 bats
  A frilled lizard (D:1)
  3 rats
74 creatures vanquished.

Vanquished Creatures (others)
  A plant (D:2)
1 creature vanquished.

Grand Total: 75 creatures vanquished

Notes
Turn   | Place    | Note
-------+----------+-------------------------------------------
     0 | D:1      | fragbeetle the Hill Orc Fighter began the quest for the
                  | Orb.
     0 | D:1      | Reached XP level 1. HP: 19/19 MP: 1/1
    28 | D:1      | Reached skill level 3 in Axes
    67 | D:1      | Reached XP level 2. HP: 26/26 MP: 2/2
   347 | D:1      | Reached skill level 4 in Axes
  1133 | D:2      | Reached XP level 3. HP: 28/31 MP: 3/3
  1627 | D:2      | Found a faded altar of an unknown god.
  1900 | D:3      | Reached skill level 5 in Axes
  2314 | D:3      | Reached XP level 4. HP: 38/39 MP: 4/4
  2862 | D:4      | Noticed an ice beast
  2880 | D:4      | Killed an ice beast
  2881 | D:4      | Reached skill level 7 in Axes
  2881 | D:4      | Reached XP level 5. HP: 36/45 MP: 5/5
  2961 | D:4      | Noticed a necrophage
  2968 | D:4      | Killed a necrophage
  2969 | D:4      | Reached skill level 8 in Axes
  2969 | D:4      | Reached XP level 6. HP: 51/51 MP: 6/6
  3152 | D:4      | Noticed a necrophage
  3167 | D:4      | Killed a necrophage
  3261 | D:4      | Reached skill level 9 in Axes
  3312 | D:4      | Reached XP level 7. HP: 33/57 MP: 7/7
  3321 | D:4      | Reached skill level 10 in Axes
  3500 | D:4      | Found a shadowy altar of Dithmenos.
  3579 | D:4      | Found a glowing silver altar of Zin.
  3864 | D:5      | Entered Level 5 of the Dungeon
  3917 | D:5      | Found Oshoodd's Antique Armour Shop.
  3932 | D:5      | Bought a glowing chain mail for 180 gold pieces
  4274 | D:5      | Reached skill level 11 in Axes
  4614 | D:5      | Reached XP level 8. HP: 62/64 MP: 8/8
  4993 | D:5      | Reached skill level 12 in Axes
  5104 | D:5      | Reached skill level 13 in Axes
  5256 | D:5      | Noticed a two-headed ogre
  5269 | D:5      | Demolished by a two-headed ogre

Illustrated notes

Levels and vault maps discovered:
D:1:      eino_arrival_tree_alley, layout_loops_corners
D:2:      layout_loops_cross, shapermc_ecumenical_altar_hornbeckon,
          lemuel_old_faithful
D:3:      layout_loops_ring
D:4:      minmay_wonky_spiral, layout_basic, zin_scriptorium,
          mainiacjoe_overflow_chevrons, corexii_corridor_pit
D:5:      kennysheep_windowed_halls, layout_basic, serial_shops,
          nicolae_stop_n_shop_2, solitary_fountain

Skill      XL: |  1  2  3  4  5  6  7  8 |
---------------+-------------------------+-----
Axes           | 3 4 5 7 8 9 11 13 | 13.4
Fighting       | |  3.6
Armour         | |  3.2
Shields        | |  3.2

Action                   |  1- 3 |  4- 6 |  7- 9 || total
-------------------------+-------+-------+-------++-------
Melee: War axe           |    84 |    71 |   155 ||   310
Throw: Dart              |       |       |     1 ||     1
       Throwing net      |       |       |     1 ||     1
  Use: Potion            |       |       |     1 ||     1
Armor: Scale mail        |    22 |       |       ||    22
       Plate armour      |    46 |    46 |    15 ||   107
       Chain mail        |       |       |    47 ||    47
Dodge: Dodged            |    28 |    19 |    22 ||    69
Block: Buckler           |    18 |    16 |    45 ||    79
